[ AOE2 MATCH · #507302362 ]
UnrankedMalians vs Bohemians
Player's team · WIN
Rival team · LOSS
[ REPLAY ANALYSIS · EXTRACTED FROM THE RECORDED GAME ]
Feudal
10:31
Castle
22:41
Imperial
—
| APM avg | 37.8 |
| APM peak | 82 |
| eAPM avg | 22.4 |
| Villagers / military | 56 / 18 |
Focus
⚔️ 31.4% · 🌾 68.6%
Militia ×17 · Monk ×1
Feudal
10:16
Castle
14:40
Imperial
—
| APM avg | 32.1 |
| APM peak | 87 |
| eAPM avg | 12.8 |
| Villagers / military | 57 / 13 |
Focus
⚔️ 19.9% · 🌾 80.1%
Hand Cannoneer ×11 · Mangonel ×1 · Battering Ram ×1
Match map
Initial resources + every placement click. Lines = walls · curves = elevation contours. ◆ gold · ⬟ stone · ● berries · ✦ relic · ◌ wall gap
Your base· ✓ Closed at 22:41 · 0t walls · 2 gate(s)
Perfunctory's base· ✓ Closed at 14:40 · 0t walls · 2 gate(s)
Smoothed initial terrain · ◌ = detected wall gap · hover for details
Inputs per minute
— Alec0nk - - Perfunctory
Build order — Alec0nk
First 150 of 154 actions detected
| 0:01 | Queue | Villager (Male) |
| 0:02 | Build | House |
| 0:03 | Build | House |
| 0:03 | Queue | Villager (Male) |
| 0:20 | Queue | Villager (Male) |
| 0:20 | Queue | Villager (Male) |
| 1:12 | Queue | Villager (Male) |
| 1:58 | Build | Lumber Camp |
| 2:01 | Queue | Villager (Male) |
| 2:13 | Queue | Villager (Male) |
| 2:56 | Queue | Villager (Male) |
| 2:56 | Queue | Villager (Male) |
| 3:02 | Queue | Villager (Male) |
| 3:23 | Queue | Villager (Male) |
| 3:42 | Queue | Villager (Male) |
| 4:09 | Build | House |
| 4:18 | Queue | Villager (Male) |
| 4:57 | Queue | Villager (Male) |
| 4:59 | Build | Mill |
| 5:18 | Queue | Villager (Male) |
| 5:21 | Queue | Villager (Male) |
| 6:02 | Build | House |
| 6:15 | Queue | Villager (Male) |
| 6:36 | Build | Mining Camp |
| 6:40 | Queue | Villager (Male) |
| 7:04 | Queue | Villager (Male) |
| 7:22 | Build | Mill |
| 7:23 | Queue | Villager (Male) |
| 7:54 | Queue | Villager (Male) |
| 8:04 | Build | House |
| 8:19 | Research | Feudal Age |
| 8:51 | Build | Barracks |
| 9:17 | Build | Mining Camp |
| 9:46 | Research | Loom |
| 9:51 | Queue | Militia |
| 9:51 | Queue | Militia |
| 9:56 | Build | House |
| 10:31 | Age | Feudal Age |
| 10:36 | Queue | Militia |
| 10:48 | Queue | Villager (Male) |
| 10:49 | Research | Double-Bit Axe |
| 11:11 | Build | Watch Tower |
| 11:14 | Queue | Villager (Male) |
| 11:15 | Queue | Militia |
| 11:15 | Research | Man-at-Arms (upgrade) |
| 11:17 | Queue | Militia |
| 11:35 | Build | Watch Tower |
| 11:40 | Queue | Villager (Male) |
| 11:50 | Build | Watch Tower |
| 11:54 | Queue | Villager (Male) |
| 11:56 | Build | Blacksmith |
| 12:00 | Build | Farm |
| 12:19 | Queue | Militia |
| 12:20 | Queue | Villager (Male) |
| 12:23 | Build | Farm |
| 12:57 | Queue | Villager (Male) |
| 12:59 | Build | Farm |
| 13:11 | Queue | Villager (Male) |
| 13:26 | Research | Arson |
| 13:35 | Build | House |
| 13:41 | Research | Town Watch |
| 13:57 | Queue | Villager (Male) |
| 14:00 | Build | Farm |
| 14:04 | Build | Farm |
| 14:13 | Queue | Villager (Male) |
| 14:45 | Queue | Villager (Male) |
| 14:47 | Build | Farm |
| 14:48 | Build | Farm |
| 14:49 | Research | Horse Collar |
| 14:56 | Build | Farm |
| 14:57 | Queue | Villager (Male) |
| 14:59 | Build | Farm |
| 15:08 | Queue | Villager (Male) |
| 15:21 | Build | Farm |
| 15:21 | Build | Farm |
| 15:21 | Build | Farm |
| 15:21 | Build | Farm |
| 15:51 | Queue | Villager (Male) |
| 15:51 | Queue | Militia |
| 16:09 | Build | House |
| 16:34 | Research | Wheelbarrow |
| 16:37 | Build | Farm |
| 16:38 | Build | Farm |
| 16:39 | Build | Farm |
| 16:39 | Build | Farm |
| 16:39 | Build | Farm |
| 16:39 | Build | Farm |
| 16:48 | Build | Farm |
| 17:02 | Build | Farm |
| 17:25 | Build | Watch Tower |
| 17:32 | Queue | Villager (Male) |
| 17:38 | Build | Watch Tower |
| 17:44 | Build | Farm |
| 17:47 | Build | Farm |
| 17:55 | Queue | Militia |
| 17:59 | Build | House |
| 18:00 | Build | House |
| 18:06 | Queue | Villager (Male) |
| 18:37 | Queue | Villager (Male) |
| 18:47 | Build | Farm |
| 18:58 | Queue | Villager (Male) |
| 19:03 | Queue | Villager (Male) |
| 19:07 | Build | Market |
| 19:25 | Queue | Villager (Male) |
| 20:01 | Research | Castle Age |
| 20:03 | Queue | Militia |
| 20:23 | Research | Scale Mail Armor |
| 20:49 | Queue | Villager (Male) |
| 20:50 | Queue | Militia |
| 20:54 | Queue | Villager (Male) |
| 20:56 | Research | Gold Mining |
| 20:57 | Research | Stone Mining |
| 21:09 | Queue | Villager (Male) |
| 21:48 | Queue | Villager (Male) |
| 21:50 | Build | Lumber Camp |
| 22:13 | Queue | Militia |
| 22:41 | Age | Castle Age |
| 22:47 | Queue | Villager (Male) |
| 22:50 | Build | Monastery |
| 22:54 | Build | University |
| 22:55 | Queue | Villager (Male) |
| 22:56 | Research | Long Swordsman (upgrade) |
| 23:00 | Research | Chain Mail Armor |
| 23:01 | Research | Fletching |
| 23:07 | Queue | Villager (Male) |
| 23:14 | Research | Gold Shaft Mining |
| 23:16 | Research | Bow Saw |
| 23:37 | Research | Bodkin Arrow |
| 23:41 | Research | Guard Tower (upgrade) |
| 23:43 | Build | Farm |
| 24:13 | Queue | Villager (Male) |
| 24:13 | Queue | Militia |
| 24:22 | Queue | Militia |
| 24:25 | Queue | Militia |
| 24:30 | Build | Monastery |
| 24:50 | Queue | Militia |
| 24:51 | Queue | Villager (Male) |
| 25:11 | Research | Ballistics |
| 25:12 | Queue | Villager (Male) |
| 25:39 | Queue | Villager (Male) |
| 25:40 | Queue | Militia |
| 25:44 | Queue | Monk |
| 25:46 | Queue | Villager (Male) |
| 25:47 | Build | House |
| 25:51 | Build | House |
| 25:57 | Build | House |
| 26:05 | Queue | Villager (Male) |
| 26:06 | Research | Hand Cart |
| 26:18 | Queue | Villager (Male) |
| 26:33 | Queue | Villager (Male) |
Build order — Perfunctory
132 actions detected in the replay
| 0:00 | Queue | Villager (Male) |
| 0:01 | Queue | Villager (Male) |
| 0:01 | Queue | Villager (Male) |
| 0:01 | Queue | Villager (Male) |
| 0:01 | Queue | Villager (Male) |
| 0:04 | Build | House |
| 0:06 | Build | House |
| 1:24 | Queue | Villager (Male) |
| 1:53 | Build | Lumber Camp |
| 2:01 | Queue | Villager (Male) |
| 2:23 | Queue | Villager (Male) |
| 2:59 | Queue | Villager (Male) |
| 3:17 | Queue | Villager (Male) |
| 3:36 | Build | House |
| 3:42 | Queue | Villager (Male) |
| 3:45 | Queue | Villager (Male) |
| 3:46 | Queue | Villager (Male) |
| 4:10 | Build | Mill |
| 4:42 | Queue | Villager (Male) |
| 4:43 | Queue | Villager (Male) |
| 5:06 | Queue | Villager (Male) |
| 5:49 | Queue | Villager (Male) |
| 6:00 | Build | House |
| 6:16 | Queue | Villager (Male) |
| 6:28 | Build | Mill |
| 6:30 | Queue | Villager (Male) |
| 6:53 | Queue | Villager (Male) |
| 7:17 | Queue | Villager (Male) |
| 8:06 | Research | Feudal Age |
| 8:11 | Build | House |
| 8:27 | Build | Mining Camp |
| 9:46 | Queue | Villager (Male) |
| 9:46 | Queue | Villager (Male) |
| 10:14 | Build | Farm |
| 10:16 | Age | Feudal Age |
| 10:25 | Build | Blacksmith |
| 10:30 | Build | Market |
| 10:52 | Queue | Villager (Male) |
| 10:58 | Build | Farm |
| 11:19 | Build | Farm |
| 11:45 | Build | Farm |
| 12:00 | Research | Castle Age |
| 12:07 | Build | House |
| 12:26 | Build | House |
| 12:39 | Build | Watch Tower |
| 12:45 | Build | House |
| 13:02 | Build | Blacksmith |
| 13:18 | Build | House |
| 13:57 | Build | Barracks |
| 14:18 | Research | Loom |
| 14:40 | Age | Castle Age |
| 14:41 | Build | Farm |
| 14:44 | Build | Archery Range |
| 14:48 | Queue | Villager (Male) |
| 15:09 | Queue | Villager (Male) |
| 15:12 | Build | Blacksmith |
| 15:33 | Build | University |
| 15:58 | Queue | Villager (Male) |
| 15:58 | Queue | Villager (Male) |
| 16:07 | Build | Farm |
| 16:07 | Build | Farm |
| 16:07 | Build | Farm |
| 16:13 | Queue | Villager (Male) |
| 16:24 | Build | Farm |
| 16:40 | Research | Chemistry |
| 16:42 | Build | Farm |
| 16:51 | Build | Farm |
| 17:08 | Queue | Villager (Male) |
| 17:12 | Build | Farm |
| 17:50 | Research | Fletching |
| 18:07 | Build | Siege Workshop |
| 18:09 | Queue | Villager (Male) |
| 18:09 | Queue | Villager (Male) |
| 18:24 | Queue | Hand Cannoneer |
| 18:36 | Build | Farm |
| 19:01 | Queue | Hand Cannoneer |
| 19:07 | Queue | Villager (Male) |
| 19:07 | Queue | Villager (Male) |
| 19:29 | Queue | Villager (Male) |
| 19:38 | Build | Farm |
| 19:45 | Queue | Hand Cannoneer |
| 20:06 | Queue | Villager (Male) |
| 20:07 | Queue | Villager (Male) |
| 20:07 | Queue | Villager (Male) |
| 20:33 | Build | Farm |
| 20:37 | Queue | Hand Cannoneer |
| 20:55 | Build | Blacksmith |
| 20:56 | Queue | Villager (Male) |
| 20:59 | Build | Farm |
| 21:05 | Queue | Villager (Male) |
| 21:25 | Queue | Battering Ram |
| 21:26 | Queue | Villager (Male) |
| 21:42 | Queue | Villager (Male) |
| 21:44 | Build | Farm |
| 21:45 | Build | Farm |
| 21:48 | Queue | Hand Cannoneer |
| 22:12 | Queue | Villager (Male) |
| 22:14 | Build | Farm |
| 22:42 | Queue | Hand Cannoneer |
| 22:48 | Queue | Villager (Male) |
| 22:52 | Build | Mining Camp |
| 22:53 | Research | Double-Bit Axe |
| 23:16 | Queue | Hand Cannoneer |
| 23:30 | Queue | Villager (Male) |
| 23:38 | Research | Padded Archer Armor |
| 23:49 | Research | Bodkin Arrow |
| 23:53 | Queue | Villager (Male) |
| 24:02 | Queue | Hand Cannoneer |
| 24:05 | Build | House |
| 24:27 | Build | House |
| 24:40 | Queue | Villager (Male) |
| 24:40 | Queue | Villager (Male) |
| 24:45 | Build | Town Center |
| 24:55 | Queue | Mangonel |
| 25:42 | Queue | Hand Cannoneer |
| 25:42 | Queue | Hand Cannoneer |
| 25:49 | Queue | Villager (Male) |
| 25:49 | Queue | Villager (Male) |
| 25:50 | Queue | Villager (Male) |
| 25:50 | Queue | Villager (Male) |
| 25:54 | Build | Mining Camp |
| 25:59 | Queue | Hand Cannoneer |
| 26:32 | Queue | Villager (Male) |
| 26:33 | Queue | Villager (Male) |
| 26:33 | Queue | Villager (Male) |
| 26:48 | Queue | Villager (Male) |
| 26:48 | Queue | Villager (Male) |
| 26:52 | Build | Farm |
| 26:52 | Build | Farm |
| 26:52 | Build | Farm |
| 26:53 | Build | Farm |
| 27:05 | Build | Watch Tower |
Match timeline
| 8:51 | Alec0nk · first_building Barracks |
| 10:16 | Perfunctory · age_up feudal |
| 10:31 | Alec0nk · age_up feudal |
| 13:57 | Perfunctory · first_building Barracks |
| 14:40 | Perfunctory · age_up castle |
| 14:44 | Perfunctory · first_building Archery Range |
| 15:28 | Perfunctory · first_market_buy 100 wood |
| 18:07 | Perfunctory · first_building Siege Workshop |
| 19:41 | Perfunctory · first_market_sell 100 wood |
| 22:41 | Alec0nk · age_up castle |
| 22:50 | Alec0nk · first_building Monastery |
| 27:54 | Perfunctory · resign |
[ AI ANALYSIS · 1 CREDIT ]
What really happened in this match?
Wolo.gg analyzes every decision: build order, eco, micro, common mistakes by bracket. Personalized analysis on WhatsApp or Discord in 30 seconds.
Civ guide
Malians
Perfil
Jugador #6445127